[Event "Early-Titled-Tuesday-Blitz-March-26-2024"]
[Site "Chess.com"]
[Date "2024.03.26"]
[Round "9"]
[White "Szparu"]
[Black "FGHSMN"]
[Result "1/2-1/2"]
[WhiteElo "2828"]
[BlackElo "2961"]
[TimeControl "180+1"]
[EndTime "9:44:11 PDT"]
[Termination "Game drawn by repetition"]

1. Nf3 Nf6 2. c4 b6 3. g3 Bb7 4.
Bg2 g6 5. O-O Bg7 6. Re1 O-O 7.
Nc3 Ne4 8. Nxe4 Bxe4 9. d3 Bb7 10. e4 c5 11. d4 cxd4 12. Nxd4 Nc6 13. Nc2 Ba6 14.
Ne3 Na5 15. Qa4 Rc8 16. Bd2 Bxb2 17. Rad1 d6 18. Bf1 Bg7 19. h4 Bb7 20. Bd3 Bc6 21.
Qb4 Nb7 22. Bb1 Nc5 23. Nd5 e6 24. Nc3 Qc7 25. Bf4 Rfd8 26. h5 Qe7 27. Rd2 Qf6 28. Nd1 gxh5 29. Rxd6 Rxd6 30. Bxd6 h4 31. Qa3 Qg6 32.
Qe3 hxg3 33. Bxg3 Rd8 34. Nc3 Bd4 35. Qf3 Kh8 36. Nb5 Bb2 37. Qe2 Bg7 38. Nxa7 Bb7 39. Nb5 Be5 40. Qe3 Rg8 41. Kf1 Bxg3 42. fxg3 Qh5 43. Qc3+ e5 44. Nd6 Bc8 45. Qxe5+ Qxe5 46. Nxf7+ Kg7 47. Nxe5 Rd8 48. Nc6 Rd2 49. e5 Bh3+ 50. Kg1 Ne6 51. Be4 Ng5 52. Bd5 Kf8 53. e6 Bxe6 54.
Bxe6 Nf3+ 55. Kf1 Nh2+ 56. Kg1 Nf3+ 57. Kf1 Nh2+ 58. Kg1 Nf3+ 1/2-1/2

[Event "Early-Titled-Tuesday-Blitz-March-26-2024"]
[Site "Chess.com"]
[Date "2024.03.26"]
[Round "9"]
[White "babyking1205"]
[Black "the_chess_child"]
[Result "0-1"]
[WhiteElo "2636"]
[BlackElo "2855"]
[TimeControl "180+1"]
[EndTime "9:44:12 PDT"]
[Termination "the_chess_child won by resignation"]

1. e4 c5 2. Nc3 e6 3. Nf3 Nc6 4. d4 cxd4 5. Nxd4 Nf6 6. Be3 Bb4 7. Nxc6 bxc6 8. e5 Nd5 9. Bd2 Nxc3 10. bxc3 Be7 11.
Qg4 O-O 12. Bd3 f5 13. exf6 Bxf6 14. O-O d5 15. Qh3 g6 16. Bh6 e5 17. Qg3 Rf7 18. f3 Kh8 19. Rae1 Qc7 20. c4 Be6 21. Bg5 Bg7 22. Qh4 Kg8 23. Bh6 Bh8 24. Qg3 e4 25. Qxc7 Rxc7 26. cxd5 cxd5 27. fxe4 d4 28. e5 Bg7 29.
Bf4 Rf8 30. Bg3 Rxf1+ 31. Rxf1 Bxa2 32. Ra1 Be6 33. Ra6 Kf7 34. Ra4 Bf8 35. Bf2 Bc5 36. h3 Rd7 37. g4 Bb6 38. Kg2 Bd5+ 39. Kf1 Bc6 40. Ra3 Ke6 41. Bg3 Rf7+ 42. Ke2 Bf3+ 43. Kd2 Bd5 44. Ke2 Rf3 45. Be1 Re3+ 46. Kf2 Kxe5 47.
Ba5 Rxh3 48. Bxb6 axb6 49. Ra6 Rh2+ 50. Kg3 Rg2+ 51. Kh3 Kf4 52. Rxb6 Rg3+ 53. Kh2 Kxg4 54. Rd6 Rg2+ 55. Kh1 Bf3 56. Rxd4+ Kg3 57. Bf1 Rh2+ 0-1

[Event "Early-Titled-Tuesday-Blitz-March-26-2024"]
[Site "Chess.com"]
[Date "2024.03.26"]
[Round "9"]
[White "GMG"]
[Black "Russian_berezka"]
[Result "1-0"]
[WhiteElo "2787"]
[BlackElo "2585"]
[TimeControl "180+1"]
[EndTime "9:44:13 PDT"]
[Termination "GMG won by resignation"]

1. Nf3 c5 2. c4 g6 3. d4 cxd4 4.
Nxd4 Bg7 5. g3 Nc6 6. Nc2 b6 7. Bg2 Bb7 8. O-O Nf6 9. Nc3 O-O 10. b3 Qc8 11. Bb2 d6 12. Ne3 Ne5 13. Ned5 Nxd5 14. Nxd5 Qd7 15. Qd2 e6 16. Ne3 Bxg2 17. Kxg2 Qc6+ 18.
f3 Rad8 19. Rfd1 Rd7 20. Rac1 Rfd8 21. Bd4 h5 22. Qc3 Nxf3 23. exf3 e5 24. Bxb6 axb6 25. Qd3 Bh6 26. Rc3 Bxe3 27. Qxe3 Qc5 28. Rd5 Qxe3 29. Rxe3 Kf8 30. f4 f6 31. Rb5 Rb8 32. Kf3 Ke7 33.
Rd3 Ke6 34. a4 Rc7 35. Rbd5 Rc6 36. h3 Rd8 37. Rd1 Rc5 38. fxe5 fxe5 39. Ke3 Rxd5 40.
Rxd5 Kd7 41. Rd2 Kc6 42. Rf2 Kc5 43. Kd3 Kb4 44. Kc2 g5 45. Rf7 g4 46. hxg4 hxg4 47.
Rb7 Kc5 48. Rc7+ Kd4 49. Rc6 e4 50. Kd2 d5 51. cxd5 Rxd5 52. Rxb6 Rc5 53. Rd6+ Ke5 54.
Rd8 Rc6 55. a5 Rc5 56. b4 Rc4 57. b5 Ra4 58. a6 Ra5 59. Rb8 Kd4 60. Rb7 Ra2+ 61.
Kc1 e3 62. Rd7+ Kc3 63. Rc7+ Kd3 64. Rd7+ Kc4 65. Re7 e2 66. a7 Kd3 67. Rd7+ Ke3 68.
Re7+ Kf2 69. b6 Ra6 70. b7 Rxa7 71. Rxe2+ Kxe2 72. b8=Q Ra1+ 73. Kb2 Rg1 74. Qf4 Rxg3 75. Qxg3 Kd2 76. Qxg4 1-0

[Event "Early-Titled-Tuesday-Blitz-March-26-2024"]
[Site "Chess.com"]
[Date "2024.03.26"]
[Round "9"]
[White "GMKrikor"]
[Black "iAspet"]
[Result "0-1"]
[WhiteElo "2854"]
[BlackElo "2483"]
[TimeControl "180+1"]
[EndTime "9:44:13 PDT"]
[Termination "iAspet won by checkmate"]

1. Nf3 Nf6 2. c4 e6 3. Nc3 d5 4. d4 dxc4 5. e4 Bb4 6. Bxc4 Nxe4 7. O-O Nxc3 8. bxc3 Be7 9. Ne5 Nc6 10. Nxc6 bxc6 11. Re1 O-O 12. Qf3 Rb8 13. Bf4 c5 14. Rad1 cxd4 15. Rxd4 Bd6 16. Red1 Qf6 17. Qg3 e5 18. Rxd6 cxd6 19. Bg5 Qg6 20. Be7 Rb1 21. Rf1 Rxf1+ 22.
Bxf1 Qxg3 23. hxg3 Re8 24. Bxd6 f6 25. c4 Be6 26. a3 Rc8 27. c5 Kf7 28. Ba6 Rd8 29. f4 exf4 30. gxf4 Bd5 31. Kf2 Ke6 32. Bc7 Rh8 33.
g3 h5 34. Bd3 g5 35. f5+ Kd7 36. Bd6 h4 37. gxh4 Rxh4 38. Ke3 Rh3+ 39. Kd4 Bc6 40. Bc4 Rh4+ 41. Kc3 Rh3+ 42. Kd4 Rf3 43. Be6+ Kd8 44.
Bb8 g4 45. Bxa7 g3 46. Bb6+ Ke7 47. Bc7 g2 48. Bh2 Rxa3 49. Bd5 Bxd5 50. Kxd5 Ra1 51. c6 g1=Q 52. Bd6+ Kd8 53. Ke6 Qe3+ 54. Kxf6 Qf3 55.
c7+ Kc8 56. Ke6 Ra5 57. f6 Qf5+ 58. Ke7 Qd7+ 59. Kf8 Qxd6+ 60. Ke8 Re5+ 61. Kf7 Qd7+ 62. Kg6 Qf5+ 63. Kg7 Re6 64. f7 Re7 65. Kf8 Qxf7# 0-1

[Event "Early-Titled-Tuesday-Blitz-March-26-2024"]
[Site "Chess.com"]
[Date "2024.03.26"]
[Round "9"]
[White "RobertDowneyJr0111"]
[Black "MatthewG-p4p"]
[Result "0-1"]
[WhiteElo "2643"]
[BlackElo "2871"]
[TimeControl "180+1"]
[EndTime "9:44:16 PDT"]
[Termination "MatthewG-p4p won on time"]

1. e4 c5 2. Nf3 g6 3. d4 cxd4 4. Nxd4 Bg7 5. c4 Nc6 6. Be3 Nf6 7. Nc3 O-O 8. Be2 d6 9. O-O Nxd4 10. Bxd4 a5 11.
b3 Bd7 12. Rc1 Bc6 13. f3 Nd7 14. Be3 Nc5 15. Qd2 e6 16. Rfd1 Be5 17. f4 Bxc3 18.
Qxc3 Nxe4 19. Qd4 Qe7 20. Bf3 d5 21. cxd5 exd5 22. f5 Rfe8 23. Bh6 Qe5 24. Qxe5 Rxe5 25. fxg6 hxg6 26. Be3 Re6 27. Bd4 Ng5 28. Kf2 a4 29. b4 a3 30. Re1 Nxf3 31. gxf3 Ra4 32. Rxe6 fxe6 33. Bc3 Bb5 34. Ke3 Bc4 35. Rc2 Ra8 36. f4 Kf7 37. Be5 Ra4 38. Bd6 Ra6 39. Be5 Rb6 40.
Bc3 Rc6 41. Be5 Rc8 42. Kd4 Rg8 43. Rg2 Rc8 44. Rg3 Ra8 45. Rh3 g5 46. fxg5 Bxa2 47.
Kc5 Bb1 48. Ba1 a2 49. Kd6 Bf5 50. Rh6 Ra6+ 51. Ke5 Rc6 52. Rf6+ Ke7 53. g6 Rc1 54. g7 Rg1 55. Rh6 Rxg7 56. Bd4 Rg4 57. Bc5+ Kd7 0-1

[Event "Early-Titled-Tuesday-Blitz-March-26-2024"]
[Site "Chess.com"]
[Date "2024.03.26"]
[Round "9"]
[White "AnaKuchava"]
[Black "leoduarte"]
[Result "0-1"]
[WhiteElo "2146"]
[BlackElo "2380"]
[TimeControl "180+1"]
[EndTime "9:44:17 PDT"]
[Termination "leoduarte won by resignation"]

1. d4 Nf6 2. Nf3 c5 3. d5 g6 4. c4 Bg7 5. Nc3 d6 6. e4 b5 7. cxb5 a6 8. b6 O-O 9. Bd3 Qxb6 10. O-O Bg4 11. h3 Bxf3 12. Qxf3 Nfd7 13. Rb1 Ne5 14.
Qe2 Nxd3 15. Qxd3 Nd7 16. Bf4 Rab8 17. b3 Qa5 18. Na4 Qb4 19. Bd2 Qa3 20. Qc2 Nb6 21. Bc1 Qb4 22. Bd2 Qb5 23. Nc3 Qd7 24. Qd3 f5 25.
Qxa6 fxe4 26. Nxe4 Qf5 27. Nc3 Bd4 28. Qe2 Nxd5 29.
Nxd5 Qxd5 30. Qxe7 Bxf2+ 31. Rxf2 Rxf2 32. Kxf2 Qxd2+ 33. Kg1 Qd4+ 34. Kh1 Rf8 35. Qe6+ Kg7 36. Re1 Rf2 37. Qe7+ Kh6 38. Qe3+ Qxe3 39. Rxe3 Rxa2 40. Rd3 Ra6 41. g4 Kg5 42. Rf3 d5 43. Kg2 d4 44. Kg3 Rb6 45. h4+ Kh6 46. g5+ Kh5 47. Kh3 h6 48. gxh6 Kxh6 49. Kg4 Rd6 50. Rd3 Rd5 51. Kf4 Kh5 52. Ke4 Rd6 53. Rh3 Kg4 54. Rh1 d3 55. Rg1+ Kxh4 56. Rd1 d2 57. Ke3 g5 58. Rxd2 Rxd2 59.
Kxd2 g4 60. Kc3 g3 61. Kc4 g2 62. Kxc5 g1=Q+ 0-1

[Event "Early-Titled-Tuesday-Blitz-March-26-2024"]
[Site "Chess.com"]
[Date "2024.03.26"]
[Round "9"]
[White "Ticoluis"]
[Black "newyorkmouse"]
[Result "1-0"]
[WhiteElo "2543"]
[BlackElo "2695"]
[TimeControl "180+1"]
[EndTime "9:44:20 PDT"]
[Termination "Ticoluis won by checkmate"]

1. e4 c6 2. d4 d5 3. e5 Na6 4. h4 h5 5. Ne2 Nc7 6. Nf4 g6 7. Bd3 Ne6 8. Nc3 Nh6 9. Nce2 Ng7 10. c3 Bf5 11. Bxf5 Nhxf5 12. e6 Nxe6 13. Nxe6 fxe6 14.
Nf4 Qd6 15. Nxg6 Rg8 16. Ne5 O-O-O 17. Nf7 Qc7 18. Nxd8 Kxd8 19. Qxh5 Rxg2 20. Qf3 Rh2 21. Bf4 Rxh1+ 22. Ke2 Rxa1 23. Bxc7+ Kxc7 24. Qf4+ Kb6 25. Qb8 Bh6 26. Qd8+ Ka6 27. b4 Rxa2+ 28. Kf1 Bd2 29. Qc8 Bxc3 30. b5+ Kb6 31. bxc6 bxc6 32. Qb8+ Ka6 33. Qc8+ Kb5 34. Qb7+ Kc4 35. Qxc6+ Kxd4 36. Qxe6 Nd6 37. Qe3+ Kc4 38. Qxe7 Ne4 39. Qc7+ Kd3 40. Qc6 Rxf2+ 41. Kg1 Bd4 42. Qb5+ Ke3 43. Qxd5 Rf5 44.
Qxf5 Nd2 45. Kg2 Ke2 46. Qe6+ Be3 47. h5 a5 48. h6 Kd3 49. h7 Bd4 50. Qd6 Kc4 51.
Qxd4+ Kxd4 52. h8=Q+ Kc4 53. Qc8+ Kb4 54. Qb7+ Ka3 55.
Kf2 a4 56. Ke2 Nb3 57. Kd3 Kb2 58. Qg7+ Kb1 59. Kc3 Ka2 60. Kb4 a3 61. Qc3 Nc1 62. Qc2+ Ka1 63. Kxa3 Nb3 64. Qc3+ Kb1 65. Qxb3+ Kc1 66.
Qe3+ Kb1 67. Kb3 Ka1 68. Qc1# 1-0

[Event "Early-Titled-Tuesday-Blitz-March-26-2024"]
[Site "Chess.com"]
[Date "2024.03.26"]
[Round "9"]
[White "Massakru"]
[Black "lukazz029"]
[Result "1-0"]
[WhiteElo "2357"]
[BlackElo "2020"]
[TimeControl "180+1"]
[EndTime "9:44:20 PDT"]
[Termination "Massakru won by resignation"]

1. e4 c5 2. Nf3 d6 3. c3 Nf6 4. h3 e6 5. Bd3 Be7 6. O-O Qc7 7. Bc2 O-O 8. d4 Nbd7 9. Re1 b6 10. Na3 a6 11. Bg5 e5 12. d5 c4 13.
Nb1 b5 14. Nbd2 Nc5 15. Nf1 Rb8 16. a3 Bd7 17. Ng3 Rfe8 18. Qd2 a5 19. Rad1 Qb7 20. Be3 Rec8 21. Kh2 b4 22. axb4 axb4 23. cxb4 Qxb4 24.
Qxb4 Rxb4 25. Bc1 Na4 26. Bxa4 Bxa4 27. Rd2 g6 28. Rde2 Kg7 29. Bd2 Rb5 30. Bc3 Nd7 31.
Ra1 Nc5 32. Nd2 Bb3 33. Nxb3 Nxb3 34. Ra7 Bg5 35. Nf1 h5 36. g3 h4 37. Kg2 Nd4 38.
Re1 hxg3 39. fxg3 Rb3 40. Ne3 Nb5 41. Rd7 Nxc3 42. bxc3 Rxc3 43. Ng4 Ra8 44. Rf1 Ra2+ 45. Kh1 Rc1 46. Rxf7+ Kg8 47. Rf8+ Kg7 48. Rf7+ Kg8 49.
Rf8+ Kg7 50. Rxc1 Kxf8 51. Rxc4 Ra3 52. Rc8+ Kf7 53. h4 Be7 54. Kg2 Ra2+ 55. Kh3 Ra1 56. Rc7 Re1 57. Nh6+ Ke8 58. Ng8 Bd8 59. Ra7 Rxe4 60.
Rg7 Re3 61. Rxg6 Rd3 62. Rxd6 Bc7 63. Re6+ Kf7 64. Nh6+ Kg7 65. Nf5+ Kf7 66. Kg4 Rxd5 67. Re7+ Kf6 68. Rxc7 Ra5 69. Rc6+ Kf7 70. Kg5 e4 71. g4 e3 72. Rc3 e2 73. Re3 Re5 74. Rxe5 1-0

[Event "Early-Titled-Tuesday-Blitz-March-26-2024"]
[Site "Chess.com"]
[Date "2024.03.26"]
[Round "9"]
[White "MalyDominator"]
[Black "flawian2008"]
[Result "1-0"]
[WhiteElo "2572"]
[BlackElo "2411"]
[TimeControl "180+1"]
[EndTime "9:44:24 PDT"]
[Termination "MalyDominator won by resignation"]

1. e4 c6 2. Nf3 d5 3. Nc3 dxe4 4. Nxe4 Nf6 5. Qe2 Na6 6. d4 Qd5 7. Nxf6+ gxf6 8. c4 Qf5 9. Qd2 e6 10. a3 h5 11. Qd3 Qxd3 12. Bxd3 f5 13. Bf4 Bg7 14. O-O-O Bd7 15. Rhe1 O-O-O 16. Ne5 Be8 17. Bc2 Bf6 18. Nf3 Rg8 19. g3 Nc7 20. h4 b5 21. b3 a5 22.
a4 bxc4 23. bxc4 Na6 24. c5 Nb4 25. Bg5 Bxg5+ 26. hxg5 Rd5 27. Rh1 Rh8 28. Bb3 Rd7 29. Ne5 Rb7 30. Bc4 Kd8 31. f4 Ke7 32. Be2 f6 33.
gxf6+ Kxf6 34. Rh3 Nd5 35. Rdh1 Rb4 36. Bxh5 Bxh5 37.
Rxh5 Rxh5 38. Rxh5 Rxd4 39. Rh6+ Kg7 40. Rg6+ Kh7 41.
Rxe6 Rxa4 42. Rxc6 Ra1+ 43. Kb2 Rg1 44. Rd6 Nb4 45. c6 Rg2+ 46. Kc1 Rxg3 47. Rd7+ Kh6 48. c7 Rc3+ 49. Kb2 Rc5 50. Nf7+ Kh5 51. Nd6 Nd3+ 52.
Kb3 Nxf4 53. c8=Q Rxc8 54. Nxc8 Ne6 55. Rd5 Kg4 56. Rxa5 f4 57. Nd6 f3 58. Ne4 Kf4 59.
Nd2 Ke3 60. Kc2 Nd4+ 61. Kd1 Ne2 62. Re5+ Kf4 63. Re8 Nc3+ 64. Ke1 Nd5 65. Kf2 Ne3 66. Rf8+ Kg4 67. Rxf3 1-0

[Event "Early-Titled-Tuesday-Blitz-March-26-2024"]
[Site "Chess.com"]
[Date "2024.03.26"]
[Round "9"]
[White "Jospem"]
[Black "KuzubovYuriy"]
[Result "1-0"]
[WhiteElo "3080"]
[BlackElo "2923"]
[TimeControl "180+1"]
[EndTime "9:44:30 PDT"]
[Termination "Jospem won on time"]

1. e4 e6 2. d4 d5 3. exd5 exd5 4. Nf3 Bd6 5. h3 Ne7 6. c4 c6 7. Nc3 O-O 8. Bd3 dxc4 9. Bxc4 Nd7 10. O-O Nb6 11. Bb3 Bf5 12. Bg5 h6 13. Bh4 Qc7 14.
Bxe7 Bxe7 15. Ne5 Bf6 16. Re1 Rad8 17. Qf3 Bh7 18. Rad1 Nd7 19. Ng4 Bg5 20. Ne4 Bxe4 21. Rxe4 Nf6 22. Nxf6+ Bxf6 23. d5 cxd5 24. Bxd5 b6 25.
b3 Rfe8 26. g3 Rxe4 27. Qxe4 Qe7 28. Qf3 g6 29. Kg2 Kg7 30. Rd3 Qe5 31. h4 h5 32. b4 b5 33. a3 Rd6 34. Qd1 Qf5 35.
Qb3 Qd7 36. Qa2 a6 37. Qd2 Qf5 38. Qd1 Qd7 39. Qf3 Qd8 40. Qe4 Qd7 41. f4 Qc8 42.
Qe2 Qd7 43. Qf3 Qc7 44. f5 Qc2+ 45. Kh3 Qc8 46. Be4 Rxd3 47. Bxd3 Qd7 48. Be4 Qe7 49.
Qd3 g5 50. hxg5 Bxg5 51. Qf3 Bf6 52. Bb7 h4 53. Bxa6 Qe5 54. gxh4 Qb2 55. Bxb5 Qc1 56. Be2 Be5 57. b5 Qc5 58. a4 Qb6 59. Qg4+ Kf8 60. Qe4 Bc7 61. Kg2 Qd6 62. Bf3 Qg3+ 63.
Kf1 Bb6 64. Ke2 Qf2+ 65. Kd1 Qb2 66. Qc4 Be3 67. Qc2 1-0

[Event "Early-Titled-Tuesday-Blitz-March-26-2024"]
[Site "Chess.com"]
[Date "2024.03.26"]
[Round "9"]
[White "Zhigalko_Sergei"]
[Black "Kunalm64"]
[Result "1-0"]
[WhiteElo "2881"]
[BlackElo "2626"]
[TimeControl "180+1"]
[EndTime "9:44:33 PDT"]
[Termination "Zhigalko_Sergei won by resignation"]

1. e4 c6 2. d4 d5 3. e5 Bf5 4. Nf3 e6 5. Be2 Nd7 6. O-O h6 7. Nbd2 Ne7 8. a4 a5 9. Nb3 Bh7 10. Bd2 Nc8 11. c4 dxc4 12. Bxc4 Be7 13. Qe2 O-O 14.
Rfd1 Qb6 15. Rac1 Bb4 16. Be3 Qd8 17. Nc5 Nxc5 18. dxc5 Qc7 19. Bd3 Bxd3 20. Rxd3 Ne7 21. Bd2 Rad8 22. Bxb4 axb4 23. Rd6 Nf5 24. Qc4 Qa5 25.
b3 Nxd6 26. exd6 b6 27. Qd4 bxc5 28. Rxc5 Qb6 29. h3 f6 30. Nh4 Rd7 31. a5 Qb8 32. Ng6 Rxd6 33. Qa1 Rfd8 34. Rc1 Qa7 35. h4 Rd2 36.
Rf1 R8d5 37. a6 Rf5 38. Ne7+ Kh7 39. Nxf5 exf5 40. h5 c5 41. g3 Rd6 42. Rc1 Rxa6 43. Qb1 Qd7 44. Rxc5 Ra3 45. Rxf5 Kh8 46. Rc5 Ra8 47. Qc2 Re8 48. Qc1 Qd3 49. Rc8 Rxc8 50. Qxc8+ Kh7 51. Qe6 Qd1+ 52. Kg2 Qxh5 53. Qe4+ Qg6 54.
Qxb4 Qc2 55. Qc4 Qb2 56. b4 h5 57. b5 g5 58. Qf7+ Kh6 59. Qf8+ Kg6 60. Qe8+ Kg7 61.
Qc6 h4 62. gxh4 gxh4 63. b6 Kg6 64. b7 Qb3 65. Qe8+ Kg5 66. b8=Q h3+ 67. Kh2 Qb7 68. Qxb7 1-0

[Event "Early-Titled-Tuesday-Blitz-March-26-2024"]
[Site "Chess.com"]
[Date "2024.03.26"]
[Round "9"]
[White "Sanan_Sjugirov"]
[Black "DenLaz"]
[Result "0-1"]
[WhiteElo "3021"]
[BlackElo "3100"]
[TimeControl "180+1"]
[EndTime "9:44:35 PDT"]
[Termination "DenLaz won by resignation"]

1. e4 c5 2. Nf3 e6 3. d4 cxd4 4. Nxd4 Nc6 5. Nc3 Qc7 6. Be3 a6 7. Qd2 Nf6 8. O-O-O Be7 9. f3 b5 10. g4 Nxd4 11. Bxd4 Bb7 12. g5 Nh5 13. Be5 Qxe5 14.
Qxd7+ Kf8 15. Qxb7 Bxg5+ 16. Kb1 Qb8 17. Qc6 Qc8 18.
Qd6+ Be7 19. Qe5 Nf6 20. Rg1 g6 21. Qf4 b4 22. e5 Qb8 23. Na4 Nd5 24. Qh6+ Kg8 25.
Bc4 Qxe5 26. Bxd5 exd5 27. Rge1 Qg5 28. Qh3 Kg7 29. Nb6 Rad8 30. f4 Qh4 31. Qf3 Rhe8 32. Nxd5 Bf8 33. Rxe8 Rxe8 34. h3 Re1 35. Ne3 Rxd1+ 36.
Nxd1 Bd6 37. f5 Qd4 38. fxg6 hxg6 39. c3 bxc3 40. Nxc3 Be5 41. Kc2 f5 42. a3 Kh6 43.
Qe2 a5 44. Qf3 Kg5 45. Qg2+ Kh5 46. Kb3 Qd3 47. Qf2 Bd4 48. Qg2 g5 49. Qh2 Kh4 50. Qg2 Qxh3 51. Qd5 Bxc3 52. bxc3 f4 53. Qd4 Kg3 54.
Qe5 Qg4 55. c4 Kh3 56. c5 f3 57. Qe3 Qg3 58. c6 f2 59. Qxg3+ Kxg3 60. c7 f1=Q 61. c8=Q Qb5+ 62. Ka2 Qe5 63. Qc4 g4 64. a4 Kf2 65.
Qb5 Qe6+ 66. Ka3 g3 67. Qc5+ Qe3+ 0-1

[Event "Early-Titled-Tuesday-Blitz-March-26-2024"]
[Site "Chess.com"]
[Date "2024.03.26"]
[Round "9"]
[White "sergoy"]
[Black "Gurvich_Vitaly"]
[Result "1-0"]
[WhiteElo "2916"]
[BlackElo "2728"]
[TimeControl "180+1"]
[EndTime "9:44:37 PDT"]
[Termination "sergoy won by resignation"]

1. d4 Nf6 2. c4 c5 3. d5 b5 4.
cxb5 a6 5. bxa6 g6 6. Nc3 Bg7 7.
e4 O-O 8. a7 Rxa7 9. Nf3 d6 10.
Be2 Ba6 11. O-O Nfd7 12. a4 Bxe2 13. Qxe2 Na6 14. Nd2 Nb4 15. Nc4 Nb6 16. Ra3 Nxc4 17.
Qxc4 Nc2 18. Ra2 Nb4 19. Ra1 Qd7 20. b3 e6 21. Bd2 exd5 22. exd5 Qf5 23. Nb5 Rd7 24.
Rad1 Nxd5 25. Ba5 Nf4 26. g3 Nh3+ 27. Kg2 Ng5 28. Qd5 Qh3+ 29. Kh1 Ne6 30. Qg2 Qxg2+ 31. Kxg2 d5 32. Bb6 d4 33. a5 Ra8 34. Na3 Bf8 35.
Nc4 Nc7 36. Rfe1 Nd5 37. Re5 Nc3 38. Rd3 Nd5 39. h4 h6 40. Rf3 Bg7 41. Re1 Bf8 42.
h5 g5 43. Rf5 d3 44. Rf3 Nb4 45. Rd1 Rd5 46. Rf6 Bg7 47. Rc6 Re8 48. Bxc5 Nc2 49.
a6 Ne1+ 50. Kf1 Nf3 51. Be3 g4 52. Kg2 Rxh5 53. Rh1 Rb5 54. a7 Rxb3 55. Rb6 Rxb6 56.
Nxb6 d2 57. Rd1 Bc3 58. a8=Q Rxa8 59. Nxa8 Kg7 60. Nb6 f5 61. Nc4 Kg6 62. Nxd2 Ne5 63. Nb3 Nf3 64. Rd6+ Kf7 65. Nd4 Bxd4 66. Bxd4 h5 67. Be3 Kg7 68. Rh6 f4 69. Bxf4 1-0

[Event "Early-Titled-Tuesday-Blitz-March-26-2024"]
[Site "Chess.com"]
[Date "2024.03.26"]
[Round "9"]
[White "Mikhail_Golubev"]
[Black "Kotofeyca"]
[Result "1-0"]
[WhiteElo "2701"]
[BlackElo "2493"]
[TimeControl "180+1"]
[EndTime "9:44:37 PDT"]
[Termination "Mikhail_Golubev won on time"]

1. e4 c5 2. Ne2 d6 3. d4 cxd4 4. Nxd4 Nf6 5. Nc3 a6 6. Bc4 e6 7. Bb3 Be7 8. f4 O-O 9. Be3 Qc7 10. f5 e5 11. Nf3 b5 12. Bg5 Nbd7 13. Nd5 Qd8 14.
Bxf6 Nxf6 15. Nxf6+ Bxf6 16. Bd5 Ra7 17. Qd2 Bb7 18.
O-O-O Bxd5 19. Qxd5 Rc7 20. Qxd6 Qc8 21. Qd3 b4 22. Kb1 a5 23. g4 Rd8 24. Qe2 Rcd7 25. b3 h6 26. h4 Rxd1+ 27. Rxd1 Rxd1+ 28. Qxd1 Qc3 29. g5 Be7 30. Qd3 Qc5 31. f6 gxf6 32. gxh6 Kh7 33. h5 Qf2 34. Qc4 Kg8 35. h7+ Kg7 36.
h6+ Kxh7 37. Qxf7+ Kxh6 38. Qxe7 Qxf3 39. Qe6 Kg6 40. Qg8+ Kh5 41. Qh7+ Kg4 42. Qg7+ Kh3 43. Qh7+ Kg3 44. a3 Kf2 45. axb4 axb4 46. Qb7 Ke3 47. Qxb4 Qxe4 48. Qxe4+ Kxe4 49. Kc1 f5 50. Kd2 f4 51. Ke2 f3+ 52. Kf1 Kf4 53. b4 e4 54. b5 e3 55. b6 Kg3 56. b7 e2+ 57. Ke1 f2+ 58.
Kxe2 Kg2 59. b8=Q f1=Q+ 60. Kd2 Qf2+ 61. Kc1 Qe3+ 62. Kb1 Qe1+ 63. Ka2 Qa5+ 64. Kb2 Kf3 65. Kb1 Ke4 66. Kb2 Kd5 67. Qb3+ Kd6 68. Qd3+ Ke6 69. Qd4 Qb5+ 70. Kc3 1-0

[Event "Early-Titled-Tuesday-Blitz-March-26-2024"]
[Site "Chess.com"]
[Date "2024.03.26"]
[Round "9"]
[White "VladimirKramnik"]
[Black "PeshkaCh"]
[Result "1/2-1/2"]
[WhiteElo "2992"]
[BlackElo "2872"]
[TimeControl "180+1"]
[EndTime "9:44:40 PDT"]
[Termination "Game drawn by repetition"]

1. e4 e5 2. Nf3 Nc6 3. Bc4 Bc5 4. d3 Nf6 5. O-O d6 6. c3 O-O 7. h3 a5 8. Bb3 Ba7 9. Re1 Be6 10. Bc2 Re8 11.
Bg5 h6 12. Bh4 g5 13. Bg3 Nh5 14. Bh2 Qf6 15. Nbd2 Nf4 16. Nf1 g4 17. hxg4 Bxg4 18. Ne3 Bh5 19. Bxf4 Qxf4 20. Nd5 Bxf3 21. Qxf3 Qxf3 22.
gxf3 Rec8 23. f4 Kf8 24. f5 Ne7 25. Nf6 Ng8 26. Nxg8 Kxg8 27. Kg2 Kg7 28. Rh1 Rh8 29.
Rh5 Rag8 30. Kf3 c6 31. Rah1 Bb6 32. Rg1+ Kh7 33. Rgh1 Kg7 34. Rb1 Kf6 35. a4 Bc7 36. b4 axb4 37. Rxb4 Rb8 38. Rb3 Ba5 39. d4 b5 40.
axb5 Rxb5 41. Ra3 Bb6 42. Ke3 Rb2 43. Kd3 d5 44. dxe5+ Kxe5 45. exd5 cxd5 46. f6+ Kxf6 47. Rxd5 Rd8 48. Rxd8 Bxd8 49. Ra6+ Rb6 50. Rxb6+ Bxb6 51. Ke2 Ke5 52. Kf3 f5 53. Bd3 Ba5 54. c4 Bb4 55.
Kg2 Kf4 56. Kf1 Bc5 57. Kg2 Kg4 58. Bc2 Kf4 59. Bd1 Ke4 60. Be2 Kd4 61. Bf1 Kc3 62. Be2 Kd2 63. Bh5 Ke1 64. f3 Ke2 65. Bg6 f4 66. Be4 Ke3 67. Bd5 h5 68. Be4 Be7 69. Bd5 Kd4 70. Be6 Bf6 71. Bd5 Bg5 72. Bf7 Be7 73. Bxh5 Kxc4 74. Bg6 Kd4 75. Be4 Ke3 76.
Kh3 Kd4 77. Kg4 Ke3 78. Kh3 Ba3 79. Kg4 Bb2 80. Kh3 Ba3 81. Kg4 Bb2 82. Kh3 Ba3 1/2-1/2

[Event "Early-Titled-Tuesday-Blitz-March-26-2024"]
[Site "Chess.com"]
[Date "2024.03.26"]
[Round "9"]
[White "Durarbayli"]
[Black "AlmasRakhmatullaev"]
[Result "1-0"]
[WhiteElo "2938"]
[BlackElo "2906"]
[TimeControl "180+1"]
[EndTime "9:44:43 PDT"]
[Termination "Durarbayli won on time"]

1. e4 e5 2. Nf3 Nc6 3. d4 exd4 4. Nxd4 Qf6 5. Ne2 Bc5 6. Nf4 Nge7 7. Be2 Ng6 8. Nd3 Bd4 9. O-O h5 10. Nd2 h4 11.
Nf3 h3 12. g3 d6 13. Bg5 Qe6 14. Re1 Bb6 15. a4 a6 16. c3 f6 17. Bc1 Bd7 18. b4 Nce5 19. Nd4 Qf7 20. Be3 Nh4 21. f4 Ng2 22. Bf2 Nc4 23. Bg4 O-O-O 24. Bxd7+ Qxd7 25. Re2 Rde8 26. a5 Bxd4 27. cxd4 f5 28. e5 g5 29. Rc1 d5 30. Nc5 Qc6 31. fxg5 f4 32. Rb1 Rhg8 33. b5 axb5 34. Qb3 b6 35. axb6 cxb6 36. Na6 Rxg5 37. Nb4 Qb7 38. Ra2 Reg8 39. Rba1 Na5 40. Qxd5 Qxd5 41.
Nxd5 Kb7 42. Nxb6 fxg3 43. hxg3 Kxb6 44. Rxa5 Kc6 45. Rc1+ Kd5 46. Rxb5+ Ke4 47. Rb3 Nf4 48. Re1+ Kd5 49. Kh2 Ne6 50. Rb5+ Kc4 51. Ra5 Rf5 52. Bg1 Ng5 53. Rc1+ Kd3 54. Ra3+ Ke4 55. Re1+ Kd5 56. Ra5+ Kc4 57. Rc5+ Kd3 58. Re3+ Kd2 59. g4 Rf1 60. Rcc3 Rgf8 61. Rcd3+ Kc2 62. d5 R8f4 63. e6 Rxg4 64. Rc3+ Kb2 65. Rb3+ Kc2 66. Rbc3+ Kb2 67. Rb3+ Kc2 68.
Rg3 Rxg3 69. Rxg3 Ne4 70. Re3 Nd6 71. e7 Ne8 72. Rxh3 Rf5 73. Rh8 Nd6 74. Bc5 1-0

[Event "Early-Titled-Tuesday-Blitz-March-26-2024"]
[Site "Chess.com"]
[Date "2024.03.26"]
[Round "9"]
[White "chessdjw"]
[Black "masnyszachistaaa"]
[Result "0-1"]
[WhiteElo "2784"]
[BlackElo "2608"]
[TimeControl "180+1"]
[EndTime "9:44:44 PDT"]
[Termination "masnyszachistaaa won by resignation"]

1. d4 d5 2. c4 e6 3. Nf3 a6 4.
Bg5 Be7 5. Bxe7 Nxe7 6. Nbd2 O-O 7. g3 b6 8. Bg2 Bb7 9. O-O Nd7 10. Rc1 c5 11.
cxd5 Nxd5 12. Nc4 Qe7 13. e4 N5f6 14. e5 Nd5 15. Nd6 Bc6 16. Re1 Rfb8 17. h4 h6 18. Nd2 Bb7 19. Qg4 cxd4 20. Nxb7 Rxb7 21. Bxd5 exd5 22.
Nf3 d3 23. Rcd1 Nc5 24. Nd4 Kh8 25. Nf5 Qf8 26. b4 Ne6 27. Nd6 Rc7 28. Rxd3 d4 29. Rf3 Rd8 30. a3 Rxd6 31. exd6 Qxd6 32. Qf5 Kg8 33. Qe4 Qc6 34. Qxc6 Rxc6 35. Rd3 Kf8 36. Re2 Rc1+ 37. Kg2 Rc4 38. f4 g6 39. h5 Ke7 40.
Kf3 Kf6 41. hxg6 fxg6 42. g4 g5 43. fxg5+ Nxg5+ 44. Kf4 Ne6+ 45. Ke4 b5 46. Rf2+ Ke7 47. Kd5 Nc7+ 48. Ke5 Ne6 49. Rf6 Ng5 50. Rxh6 Nf7+ 51. Kd5 Nxh6 52. g5 Nf5 53. Ke5 Ng7 54. Rxd4 Rxd4 55. Kxd4 Ne6+ 56. Kd5 Nxg5 57. Kc6 Ne6 58. Kb6 Kd6 59. Kxa6 Kc6 60. Ka5 Nd4 61. Ka6 Nb3 62. Ka7 Kd5 63. Kb6 Kc4 64. Kc6 Nd4+ 65. Kb6 Nc2 66. a4 bxa4 67. b5 Nd4 68. Kc7 Nxb5+ 69. Kc6 a3 70. Kb6 a2 71. Kc6 a1=Q 72. Kd7 Qa6 73.
Ke7 Qc6 74. Kf7 Qd6 75. Kg7 Qe6 76. Kh8 Qe7 77. Kg8 Kd5 78. Kh8 Ke6 0-1